Map: [ESL] Dragon Scales

Players

Mixu

  • Race: Zerg Zerg
  • League: Grandmaster
  • Spawn Location: 11:00

Spirit (souL) - Winner!

  • Race: Terran Terran
  • League: Master
  • Spawn Location: 5:00

Event: HomeStory Cup XXIII

VOD

Have the link to the VOD?

Description

Time

  • Played on: July 1, 2023, 2:26 p.m.
  • Length: 10:41

All games in this series

Show
View Real Time Build Order
Export as new Build Order

Mixu Zerg 

Build Orders: Hatch First 

Get SALT Encoding   

  12  0:00  Drone  
  13  0:12  Overlord  
  13  0:16  Drone  
  14  0:30  Drone x2  
  16  0:48  Hatchery  
  15  0:51  Drone  
  15  0:55  Drone  
  17  0:58  Drone  
  18  1:10  Extractor  
  17  1:13  Spawning Pool  
  17  1:16  Drone  
  17  1:19  Drone  
  18  1:27  Drone  
  19  1:38  Drone  
  20  1:49  Overlord  
  20  1:59  Queen x2  
  20  2:00  Zergling x4  
  26  2:10  Drone x2  
  26  2:12  Metabolic Boost  
  28  2:22  Drone x2  
  29  2:35  Hatchery  
  28  2:40  Drone x2  
  30  2:46  Queen  
  30  2:49  Overlord  
  32  2:56  Drone x2  
  34  2:59  Drone  
  35  3:08  Overlord  
  35  3:09  Queen  
  35  3:10  Drone  
  38  3:14  Drone  
  38  3:16  Drone  
  38  3:19  Drone  
  41  3:20  Drone x2  
  41  3:26  Queen  
  45  3:28  Zergling x2  
  45  3:31  Zergling x2  
  47  3:37  Zergling x2  
  48  3:41  Overlord  
  48  3:42  Drone x3  
  48  3:47  Queen  
  53  3:50  Zergling x4  
  53  3:52  Drone  
  56  3:57  Overlord  
  56  4:00  Drone  
  57  4:04  Queen  
  57  4:05  Drone x3  
  62  4:11  Overlord  
  62  4:12  Drone x2  
  62  4:16  Drone x2  
  66  4:22  Drone  
  66  4:23  Drone x2  
  69  4:27  Drone, Queen  
  69  4:29  Overlord  
  72  4:32  Overlord  
  72  4:34  Drone  
  73  4:39  Roach Warren  
  73  4:42  Overlord  
  73  4:44  Drone  
  73  4:45  Overlord  
  73  4:48  Drone x2  
  73  4:49  Drone  
  73  4:51  Drone x2  
  78  4:55  Overlord  
  78  4:58  Drone x2  
  80  5:01  Drone  
  80  5:02  Extractor  
  80  5:10  Drone x5  
  80  5:12  Extractor, Hatchery  
  83  5:17  Spore Crawler  
  83  5:19  Lair  
  83  5:20  Drone x3  
  83  5:23  Overlord  
  83  5:24  Drone x2  
  85  5:30  Evolution Chamber  
  85  5:31  Drone, Evolution Chamber  
  85  5:32  Extractor  
  85  5:34  Extractor  
  78  5:36  Spore Crawler  
  78  5:38  Drone x5  
  82  5:44  Roach x2  
  86  5:51  Roach x3  
  89  6:00  Drone x2  
  89  6:02  Overlord  
  89  6:03  Drone x2  
  80  6:06  Drone x2  
  80  6:10  Drone x2  
  83  6:12  Drone  
  84  6:19  Drone x5  
  84  6:24  Roach x2  
  93  6:25  Ravager  
  93  6:26  Ravager x3  
  93  6:28  Zergling x2  
  93  6:30  Roach  
  100  6:34  Roach x2  
  100  6:35  Zergling x4  
  100  6:36  Ravager  
  100  6:38  Zergling x4  
  109  6:41  Roach  
  109  6:44  Roach  
  109  6:47  Overlord  
  113  6:48  Ravager x2  
  113  6:49  Zergling x8  
  113  6:52  Zergling x4  
  121  6:55  Zergling x6  
  121  6:58  Zergling x4  
  121  7:00  Overlord  
  126  7:03  Roach  
  126  7:07  Overlord  
  126  7:08  Zergling x2  
  129  7:12  Zergling x2  
  130  7:17  Zergling x8  
  130  7:20  Roach x2  
  138  7:26  Roach  
  138  7:27  Queen x2  
  138  7:29  Roach x3  
  149  7:30  Ravager x2  
  149  7:35  Overlord  
  151  7:38  Zergling x2  
  142  7:46  Roach x2  
  142  7:50  Roach x4  
  141  7:58  Zergling x2  
  141  8:05  Roach x3  
  142  8:09  Queen  
  142  8:10  Queen  
  139  8:15  Zergling x8  
  139  8:16  Queen, Zerg Ground Armor Level 1  
  139  8:19  Extractor  
  144  8:24  Zergling x8  
  145  8:28  Zerg Melee Weapons Level 1  
  145  8:30  Zergling x2  
  145  8:33  Zergling x6  
  136  8:35  Queen  
  101  8:42  Roach x2  
  101  8:45  Queen  
  99  8:50  Roach  
  99  8:51  Roach x7  
  99  8:52  Ravager x2  
  99  8:53  Queen x2  
  121  8:56  Roach x3, Hatchery  
  121  9:01  Roach  
  128  9:03  Roach  
  128  9:04  Ravager  
  128  9:08  Zergling x4  
  133  9:13  Roach  
  130  9:19  Zergling x2  
  130  9:21  Ravager  
  130  9:23  Roach x2  
  114  9:32  Roach x9  
  114  9:36  Zergling x4  
  107  9:38  Zergling x2  
  107  9:42  Ravager  
  107  9:45  Zergling x6, Ravager  
  113  9:53  Zergling x10, Ravager x2  
  113  9:57  Ravager  
  121  10:02  Zergling x6  
  122  10:07  Roach  
  122  10:11  Roach x3  
  118  10:16  Zergling x2  
  118  10:20  Roach x4  
  118  10:21  Ravager x2  
Show
View Real Time Build Order
Export as new Build Order

Spirit Terran - Winner!

Build Orders: Reaper Expand 

Get SALT Encoding   

  12  0:00  SCV  
  13  0:12  SCV  
  14  0:16  Supply Depot  
  14  0:24  SCV  
  15  0:38  SCV  
  15  0:39  Barracks  
  16  0:44  Refinery  
  16  0:50  SCV  
  17  1:02  SCV  
  18  1:14  SCV  
  19  1:28  Orbital Command, Reaper  
  20  1:39  Command Center  
  20  1:49  Supply Depot  
  20  1:54  SCV  
  21  1:59  Marine  
  22  2:06  SCV  
  23  2:13  Factory  
  23  2:18  SCV  
  24  2:22  Barracks Reactor  
  24  2:33  SCV  
  25  2:38  Command Center  
  25  2:46  SCV  
  26  2:53  Orbital Command  
  26  2:58  SCV  
  27  3:02  Starport  
  27  3:10  SCV, Refinery  
  27  3:11  Hellion  
  30  3:14  Hellion  
  30  3:19  Barracks Tech Lab  
  32  3:20  SCV  
  32  3:23  SCV  
  34  3:32  SCV  
  35  3:35  SCV  
  35  3:37  Hellion  
  35  3:38  Hellion  
  35  3:40  Viking  
  42  3:44  Marine  
  42  3:45  SCV  
  44  3:48  SCV  
  44  3:53  Orbital Command  
  45  3:58  SCV  
  46  4:03  SCV  
  46  4:07  Supply Depot  
  46  4:08  Hellion  
  49  4:10  Liberator  
  49  4:11  Hellion  
  49  4:14  SCV  
  49  4:15  Marine  
  49  4:16  SCV  
  57  4:22  SCV  
  58  4:27  SCV  
  58  4:28  SCV  
  60  4:31  Stimpack  
  60  4:32  Marine  
  60  4:35  Supply Depot  
  60  4:38  Factory Tech Lab  
  62  4:39  Barracks, SCV  
  62  4:41  Orbital Command  
  62  4:43  SCV  
  62  4:45  Barracks  
  63  4:51  SCV, Refinery x2  
  64  4:54  Starport Reactor  
  64  4:55  SCV  
  65  5:01  Engineering Bay  
  65  5:02  Engineering Bay  
  65  5:03  SCV, Supply Depot  
  65  5:06  Siege Tank  
  65  5:07  SCV x2  
  71  5:15  SCV  
  71  5:18  Marine  
  71  5:19  SCV x2  
  75  5:27  SCV  
  76  5:31  SCV  
  77  5:40  Starport Reactor  
  77  5:44  Terran Infantry Weapons Level 1, Supply Depot x2, Terran Infantry Armor Level 1  
  77  5:45  Marine x3, SCV  
  77  5:46  SCV x2, Marine  
  84  5:50  Marine  
  84  5:52  Supply Depot  
  80  5:58  SCV x3  
  80  6:03  Marine x3  
  81  6:04  Marine  
  81  6:07  Marine  
  81  6:08  Siege Tank  
  81  6:10  SCV  
  81  6:13  Combat Shield  
  81  6:15  Barracks  
  81  6:16  SCV  
  81  6:18  Barracks  
  82  6:20  Medivac x2  
  82  6:21  Marine  
  82  6:22  SCV  
  82  6:24  Marine x3  
  91  6:26  SCV  
  91  6:28  Marine, SCV  
  94  6:35  Bunker  
  94  6:39  Supply Depot  
  94  6:40  Bunker, Siege Tank, Supply Depot  
  94  6:42  Marine  
  94  6:46  Supply Depot  
  98  6:48  Marauder  
  98  6:50  Medivac x2  
  98  6:51  Marine  
  98  6:52  Marine  
  106  6:56  Marine  
  106  6:58  Refinery  
  106  7:00  Marine  
  108  7:05  Armory  
  108  7:06  Barracks Reactor x2  
  108  7:08  Barracks Tech Lab  
  108  7:09  Marine x2  
  108  7:10  Marine  
  108  7:14  Marine  
  112  7:16  SCV x2  
  112  7:18  Marine  
  112  7:20  SCV, Medivac, Supply Depot x2  
  116  7:26  Medivac  
  116  7:27  Marine, Marauder x2  
  116  7:28  Marine  
  124  7:32  Marine  
  124  7:36  Marine  
  126  7:43  Marine  
  125  7:44  Marine  
  125  7:45  Marine  
  125  7:46  Marine  
  125  7:48  Marauder  
  125  7:49  Marauder  
  125  7:50  Marine, Siege Tank  
  132  7:54  Terran Infantry Weapons Level 2, Marine  
  133  8:01  Marine  
  133  8:02  Marine x2, Terran Infantry Armor Level 2  
  133  8:04  Marine  
  132  8:06  Supply Depot  
  132  8:07  Marine, Supply Depot  
  132  8:09  Marine, Command Center  
  132  8:10  Marine  
  132  8:11  Marine  
  136  8:13  SCV  
  136  8:16  SCV  
  136  8:19  Marine  
  138  8:20  Marine x2  
  138  8:21  Marine  
  138  8:25  Marine, SCV  
  134  8:27  Marine x2  
  134  8:28  SCV  
  134  8:30  Orbital Command, Marine, Medivac  
  132  8:38  SCV  
  132  8:40  SCV  
  121  8:46  Medivac  
  123  8:49  Marauder  
  123  8:50  SCV  
  123  8:52  SCV, Marine  
  123  8:55  SCV  
  129  9:01  Siege Tank  
  129  9:02  SCV  
  133  9:04  SCV  
  133  9:06  Medivac  
  136  9:11  Marine x7  
  136  9:14  SCV  
  139  9:25  Medivac  
  139  9:29  Marauder, Marine  
  139  9:31  Marine  
  137  9:34  Marine x5  
  137  9:36  Medivac  
  137  9:37  SCV x3  
  138  9:47  Marine  
  138  9:49  Marine, SCV x3  
  138  9:50  Marauder  
  138  9:51  Concussive Shells  
  138  9:52  Marine  
  148  9:53  Marauder  
  148  9:55  Medivac  
  148  9:57  Siege Tank  
  153  10:01  SCV x2, Marine  
  153  10:02  Marine  
  153  10:04  Marine  
  153  10:05  Marine  
  153  10:06  Marine  
  160  10:10  Marine  
  160  10:11  Marauder  
  160  10:13  Marine  
  158  10:19  Marine  
  158  10:20  Marine  
  158  10:22  Marine  
Tags
 
Add a new tag
Caveats
  • Supply blocks, unpowered buildings, or Contaminate may cause inaccurate times.
  • Supply counts are checked every 10 seconds.